 Dungeon Crawl Stone Soup version 0.27.1-16-g815e20cd7a (webtiles) character file.

Game seed: 528982062607546460

10 Descartes the Sneak (level 2, -4/14 HPs)
             Began as a Felid Delver on Nov 23, 2021.
             Slain by an ufetubus (5 damage)
             ... on level 4 of the Dungeon.
             The game lasted 00:01:26 (230 turns).

Descartes the Sneak (Felid Delver)                   Turns: 230, Time: 00:01:26

Health: -4/14      AC:  1    Str:  8    XL:     2   Next: 10%
Magic:  3/3        EV: 17    Int: 11    God:
Gold:   42         SH:  0    Dex: 17    Spells: 1/1 levels left
                                        Lives:  0   Deaths: 0

rFire    . . .     SeeInvis +     - Unarmed
rCold    . . .     Faith    .   (shield unavailable)
rNeg     . . .     Spirit   .   (armour unavailable)
rPois    .         Reflect  .   (helmet unavailable)
rElec    .         Harm     .   (cloak unavailable)
rCorr    .         Rampage  .   (gloves unavailable)
Will     .....                  (boots unavailable)
Stlth    ++++......             (no amulet)
HPRegen  0.04/turn              (no ring)
MPRegen  0.08/turn              (no ring)

@: quick
A: very small, claws 1, fangs 3, see invisible, speed 1, shaggy fur 1, stealthy
paws, no weapons or thrown items, no armour, multi-lived
a: no special abilities


You were on level 4 of the Dungeon.
You visited 1 branch of the dungeon, and saw 2 of its levels.

You collected 42 gold pieces.

Inventory:

Missiles
 c - 20 stones
Wands
 e - a wand of digging (3)
Scrolls
 a - a scroll of fog
 b - a scroll of magic mapping
Potions
 d - a potion of haste


   Skills:
 - Level 3.0 Fighting
 - Level 2.6 Dodging
 + Level 7.3 Stealth
 - Level 2.0 Unarmed Combat


You had one spell level left.
You didn't know any spells.
Your spell library was empty.

Dungeon Overview and Level Annotations

Branches:
Dungeon (5/15)
 Temple: D:4-7

Altars:

Annotations:
D:4 Ijyb


Innate Abilities, Weirdness & Mutations

You have sharp claws.
You have razor-sharp teeth.
You have supernaturally acute eyesight. (SInv)
You cover ground quickly. (Speed+)
You are covered in fur. (AC +1)
Your paws help you pounce on unaware monsters.
You are incapable of wielding weapons or throwing items.
You cannot wear armour.
You gain extra lives every three experience levels.


Message History

You are too injured to fight recklessly!
Found 20 stones.
You see here 20 stones.
c - 20 stones
Found a scale mail.
You are too injured to fight recklessly!
A worm is nearby!
Found 16 gold pieces.
Found an escape hatch in the floor.
You now have 42 gold pieces (gained 16).
A worm is nearby!
A goblin comes into view. It is wielding a +0 dagger.
You are too injured to fight recklessly!
You are too injured to fight recklessly!
The goblin shouts!
The goblin unwields a +0 dagger.
The goblin wields a +0 hunting sling.
The goblin shoots a stone.
The stone hits you.
* * * LOW HITPOINT WARNING * * *
Found a trident.
The goblin unwields a +0 hunting sling.
The goblin wields a +0 dagger.
The goblin misses you.
You scratch the goblin.
You kill the goblin!
Found a hand axe.
An ufetubus comes into view.
The ufetubus shouts!
You see here a +0 hand axe.
Found a quarterstaff.
An ufetubus is nearby!
Found a stone staircase leading up.
You barely miss the ufetubus. The ufetubus barely misses you.
The ufetubus misses you.
You closely miss the ufetubus. The ufetubus completely misses you.
The ufetubus misses you. The ufetubus hits you.
* * * LOW HITPOINT WARNING * * *
The ufetubus barely misses you.
There is a stone staircase leading up here.
The ufetubus completely misses you. The ufetubus barely misses you.
The ufetubus hits you.
You die...

##..##
##..##
##).##
##..######
##.##...#
##....#
##...#
###..5.#
#....@.#
#.......#
#........#
#........#
#..........
#..........#
#.........#
###......##


You could see an ufetubus.

Vanquished Creatures
  An adder (D:5)
  A goblin (D:4)
2 creatures vanquished.

Notes
Turn   | Place    | Note
-------+----------+-------------------------------------------
     0 | D:5      | Descartes the Felid Delver began the quest for the Orb.
     0 | D:5      | Reached XP level 1. HP: 10/10 MP: 2/2
    17 | D:5      | Noticed a water moccasin
    26 | D:5      | Reached skill level 7 in Stealth
    26 | D:5      | Reached XP level 2. HP: 14/14 MP: 3/3
    58 | D:4      | Noticed Ijyb
   230 | D:4      | Slain by an ufetubus

Illustrated notes

Levels and vault maps discovered:
D:4:      minmay_evil_eye, layout_cave_pods, uniq_ijyb
D:5:      layout_cave_pools, minmay_temple_entry_antechambers,
          dk_noncrumbling_4, kennysheep_cross_bottleneck, nicolae_shop_clearance

Skill      XL: |  1 |
---------------+----+-----
Stealth        | 7 |  7.3
Fighting       | |  3.0
Dodging        | |  2.6
Unarmed Combat | |  2.0

Action                   || total
-------------------------++-------
Melee: Unarmed           ||    11
       Bite              ||     1
  Use: Scroll            ||     1
Dodge: Dodged            ||    19
